| TOP OF THE 1ST |
|
Los Angeles Dodgers batting - Pitching for Arizona Diamondbacks : RHP Miguel Martinez
|
|
Pitching: RHP Miguel Martinez
|
|
|
Batting: RHB Clay Buchanan
|
0-0: SINGLE (Line Drive, 6D, EV 102.5 MPH)
|
|
Batting: LHB Chris Ringwood
|
0-0: Ball 1-0: 2-RUN HOME RUN (Flyball, 9D, EV 96.9 MPH), Distance : 380 ft
|
|
Batting: SHB Joel Baker
|
0-0: Fly out, F7 (Flyball, 78S, EV 86.2 MPH)
|
|
Batting: RHB Tsutomu Irie
|
0-0: Called Strike 0-1: Called Strike 0-2: Ball 1-2: Fly out, F8 (Flyball, 8RM, EV 74.4 MPH)
|
|
Batting: RHB Danny Dyer
|
0-0: Swinging Strike 0-1: Ball 1-1: Swinging Strike 1-2: Strikes out swinging
|
| Top of the 1st over - 2 runs, 2 hits, 0 errors, 0 left on base; Los Angeles 2 - Arizona 0 |
| BOTTOM OF THE 1ST |
|
Arizona Diamondbacks batting - Pitching for Los Angeles Dodgers : RHP Adrian Serratos
|
|
Pitching: RHP Adrian Serratos
|
|
|
Batting: LHB Roy Steigerwald
|
0-0: DOUBLE (Groundball, 3L, EV 104.4 MPH)
|
|
Batting: RHB Katilimomi Kelekolio
|
0-0: Ball 1-0: Called Strike 1-1: Ball 2-1: Foul Ball, location: 2F 2-2: Ground out 6-3 (Groundball, 6, EV 85.6 MPH) Roy Steigerwald to third
|
|
Batting: LHB Eric Klasek
|
0-0: Fly out, F7 (Flyball, 7LS, EV 91.2 MPH)
|
|
Batting: SHB Perry Tuckfard
|
0-0: Called Strike 0-1: Ball 1-1: Ball 2-1: Swinging Strike 2-2: Ball 3-2: Foul Ball, location: 2F 3-2: Base on Balls
|
|
Batting: LHB Armando Carbajal
|
0-0: Ball 1-0: Ball 2-0: Fly out, F4 (Line Drive, 4, EV 67.5 MPH)
|
| Bottom of the 1st over - 0 runs, 1 hit, 0 errors, 2 left on base; Los Angeles 2 - Arizona 0 |
| TOP OF THE 2ND |
|
Los Angeles Dodgers batting - Pitching for Arizona Diamondbacks : RHP Miguel Martinez
|
|
Batting: SHB Carlos Rodriguez
|
0-0: Ball 1-0: Ball 2-0: Ground out 6-3 (Groundball, 6MS, EV 61.9 MPH)
|
|
Batting: RHB Tim Nettles
|
0-0: Ball 1-0: Fly out, F8 (Flyball, 89D, EV 93.1 MPH)
|
|
Batting: LHB Ryan Taylor
|
0-0: Ball 1-0: SOLO HOME RUN (Flyball, 7D, EV 98.8 MPH), Distance : 370 ft
|
|
Batting: RHB Edwin Soto
|
0-0: SINGLE (Line Drive, 56, EV 97.5 MPH)
|
|
Batting: RHB Clay Buchanan
|
0-0: Called Strike 0-1: Called Strike 0-2: Ball 1-2: Fly out, F8 (Flyball, 8LM, EV 93.8 MPH)
|
| Top of the 2nd over - 1 run, 2 hits, 0 errors, 1 left on base; Los Angeles 3 - Arizona 0 |
| BOTTOM OF THE 2ND |
|
Arizona Diamondbacks batting - Pitching for Los Angeles Dodgers : RHP Adrian Serratos
|
|
Batting: RHB David Price Jr.
|
0-0: Ball 1-0: Ball 2-0: Called Strike 2-1: Foul Ball, location: 2F 2-2: Ball 3-2: Base on Balls
|
|
Batting: RHB Andy Swaim
|
0-0: Foul Ball, location: 2F 0-1: Ball 1-1: Foul Ball, location: 2F 1-2: Ball 2-2: Fly out, F8 (Flyball, 8RD, EV 85.0 MPH)
|
|
Batting: SHB Andrew Wray II
|
0-0: Fly out, F7 (Line Drive, 7LM, EV 95.6 MPH)
|
|
Batting: SHB Warren Eisner
|
0-0: Fly out, F1 (Line Drive, P, EV 66.9 MPH)
|
| Bottom of the 2nd over - 0 runs, 0 hits, 0 errors, 1 left on base; Los Angeles 3 - Arizona 0 |
| TOP OF THE 3RD |
|
Los Angeles Dodgers batting - Pitching for Arizona Diamondbacks : RHP Miguel Martinez
|
|
Batting: LHB Chris Ringwood
|
0-0: Called Strike 0-1: Ball 1-1: Ball 2-1: Ball 3-1: Foul Ball, location: 2F 3-2: Strikes out swinging
|
|
Batting: SHB Joel Baker
|
0-0: Called Strike 0-1: Ball 1-1: TRIPLE (Flyball, 89XD, EV 108.8 MPH)
|
|
Batting: RHB Tsutomu Irie
|
0-0: Called Strike 0-1: Fly out, F8 (Flyball, 8LM, EV 88.1 MPH) Runner from 3rd tags up, SCORES, no throw by CF
|
|
Batting: RHB Danny Dyer
|
0-0: Ball 1-0: Swinging Strike 1-1: Called Strike 1-2: Ball 2-2: Fly out, F4 (Line Drive, 4, EV 61.2 MPH)
|
| Top of the 3rd over - 1 run, 1 hit, 0 errors, 0 left on base; Los Angeles 4 - Arizona 0 |
| BOTTOM OF THE 3RD |
|
Arizona Diamondbacks batting - Pitching for Los Angeles Dodgers : RHP Adrian Serratos
|
|
Batting: LHB Roy Steigerwald
|
0-0: Foul Ball, location: 2F 0-1: Called Strike 0-2: Ground out 4-3 (Groundball, 34D, EV 101.9 MPH)
|
|
Batting: RHB Katilimomi Kelekolio
|
0-0: Ball 1-0: Ball 2-0: Called Strike 2-1: Ball 3-1: Foul Ball, location: 2F 3-2: Ground out 6-3 (Groundball, 6, EV 83.8 MPH)
|
|
Batting: LHB Eric Klasek
|
0-0: Foul Ball, location: 2F 0-1: Ball 1-1: Ground out 5-3 (Groundball, 56, EV 88.8 MPH)
|
| Bottom of the 3rd over - 0 runs, 0 hits, 0 errors, 0 left on base; Los Angeles 4 - Arizona 0 |
| TOP OF THE 4TH |
|
Los Angeles Dodgers batting - Pitching for Arizona Diamondbacks : RHP Miguel Martinez
|
|
Batting: SHB Carlos Rodriguez
|
0-0: Ball 1-0: Ball 2-0: Swinging Strike 2-1: Foul Ball, location: 2F 2-2: Fly out, F8 (Line Drive, 8LD, EV 86.2 MPH)
|
|
Batting: RHB Tim Nettles
|
0-0: Ball 1-0: Called Strike 1-1: Called Strike 1-2: Ball 2-2: Ground out 3-1 (Groundball, 34, EV 108.8 MPH)
|
|
Batting: LHB Ryan Taylor
|
0-0: Fly out, F7 (Flyball, 78D, EV 98.1 MPH)
|
| Top of the 4th over - 0 runs, 0 hits, 0 errors, 0 left on base; Los Angeles 4 - Arizona 0 |
| BOTTOM OF THE 4TH |
|
Arizona Diamondbacks batting - Pitching for Los Angeles Dodgers : RHP Adrian Serratos
|
|
Batting: SHB Perry Tuckfard
|
0-0: Ball 1-0: Ground out 4-3 (Groundball, 4MS, EV 86.2 MPH)
|
|
Batting: LHB Armando Carbajal
|
0-0: Swinging Strike 0-1: Fly out, F9 (Flyball, 89M, EV 89.4 MPH)
|
|
Batting: RHB David Price Jr.
|
0-0: Foul Ball, location: 2F 0-1: SINGLE (Line Drive, 7S, EV 98.8 MPH)
|
|
Batting: RHB Andy Swaim
|
0-0: Ball 1-0: Foul Ball, location: 2F 1-1: Ground out U3 (Groundball, 34, EV 105.0 MPH)
|
| Bottom of the 4th over - 0 runs, 1 hit, 0 errors, 1 left on base; Los Angeles 4 - Arizona 0 |
| TOP OF THE 5TH |
|
Los Angeles Dodgers batting - Pitching for Arizona Diamondbacks : RHP Miguel Martinez
|
|
Batting: RHB Edwin Soto
|
0-0: Called Strike 0-1: TRIPLE (Flyball, 89XD, EV 101.9 MPH)
|
|
Batting: RHB Clay Buchanan
|
0-0: Ball 1-0: Ball 2-0: Foul Ball, location: 2F 2-1: Foul Ball, location: 2F 2-2: Strikes out looking
|
|
Batting: LHB Chris Ringwood
|
0-0: Called Strike 0-1: Foul Ball, location: 2F 0-2: Ball 1-2: Ball 2-2: Ground out 4-3 (Groundball, 4, EV 82.5 MPH) Edwin Soto scores
|
|
Batting: SHB Joel Baker
|
0-0: Called Strike 0-1: Foul Ball, location: 2F 0-2: Ball 1-2: Ball 2-2: Ball 3-2: Strikes out looking
|
| Top of the 5th over - 1 run, 1 hit, 0 errors, 0 left on base; Los Angeles 5 - Arizona 0 |
| BOTTOM OF THE 5TH |
|
Arizona Diamondbacks batting - Pitching for Los Angeles Dodgers : RHP Adrian Serratos
|
|
Batting: SHB Andrew Wray II
|
0-0: Called Strike 0-1: Foul Ball, location: 2F 0-2: Ball 1-2: Ball 2-2: Ball 3-2: Strikes out looking
|
|
Batting: SHB Warren Eisner
|
0-0: Fly out, F8 (Flyball, 8RM, EV 83.8 MPH)
|
|
Batting: LHB Roy Steigerwald
|
0-0: SINGLE (Groundball, 34D, EV 95.0 MPH)
|
|
Batting: RHB Katilimomi Kelekolio
|
0-0: Foul Ball, location: 2F 0-1: Foul Ball, location: 2F 0-2: Ball 1-2: Foul Ball, location: 2F 1-2: Fly out, F4 (Popup, 4, EV 61.9 MPH)
|
| Bottom of the 5th over - 0 runs, 1 hit, 0 errors, 1 left on base; Los Angeles 5 - Arizona 0 |
| TOP OF THE 6TH |
|
Los Angeles Dodgers batting - Pitching for Arizona Diamondbacks : RHP Miguel Martinez
|
|
Pitching: RHP Raul Sanchez
|
|
|
Batting: RHB Tsutomu Irie
|
0-0: Called Strike 0-1: Ball 1-1: Ball 2-1: Ball 3-1: Base on Balls
|
|
Batting: RHB Danny Dyer
|
0-0: Foul Ball, location: 2F 0-1: Foul Ball, location: 2F 0-2: Strikes out looking
|
|
Batting: SHB Carlos Rodriguez
|
0-0: Ball 1-0: Called Strike 1-1: Ball 2-1: Swinging Strike 2-2: Strikes out swinging
|
|
Batting: RHB Tim Nettles
|
0-0: Called Strike 0-1: Ball 1-1: Ball 2-1: Called Strike 2-2: Foul Ball, location: 2F 2-2: Ball 3-2: Foul Ball, location: 2F 3-2: Strikes out looking
|
| Top of the 6th over - 0 runs, 0 hits, 0 errors, 1 left on base; Los Angeles 5 - Arizona 0 |
| BOTTOM OF THE 6TH |
|
Arizona Diamondbacks batting - Pitching for Los Angeles Dodgers : RHP Adrian Serratos
|
|
Batting: LHB Eric Klasek
|
0-0: Ball 1-0: Called Strike 1-1: Called Strike 1-2: SINGLE (Line Drive, 34D, EV 98.8 MPH)
|
|
Batting: SHB Perry Tuckfard
|
0-0: Foul Ball, location: 2F 0-1: Ball 1-1: Foul Ball, location: 2F 1-2: Strikes out looking
|
|
Batting: LHB Armando Carbajal
|
0-0: Ball 1-0: Fly out, F7 (Flyball, 78XD, EV 107.5 MPH)
|
|
Batting: RHB David Price Jr.
|
0-0: Ball 1-0: Called Strike 1-1: Called Strike 1-2: 2-RUN HOME RUN (Flyball, 9LD, EV 96.9 MPH), Distance : 350 ft
|
|
Batting: RHB Andy Swaim
|
0-0: Ball 1-0: Fly out, F3 (Popup, 3SF, EV 67.5 MPH)
|
| Bottom of the 6th over - 2 runs, 2 hits, 0 errors, 0 left on base; Los Angeles 5 - Arizona 2 |
| TOP OF THE 7TH |
|
Los Angeles Dodgers batting - Pitching for Arizona Diamondbacks : RHP Raul Sanchez
|
|
Batting: LHB Ryan Taylor
|
0-0: Ball 1-0: Ground out 6-3 (Groundball, 6, EV 85.0 MPH)
|
|
Batting: RHB Edwin Soto
|
0-0: Ball 1-0: Ball 2-0: Ball 3-0: Called Strike 3-1: Called Strike 3-2: Strikes out looking
|
|
Batting: RHB Clay Buchanan
|
0-0: Ball 1-0: Ball 2-0: Foul Ball, location: 2F 2-1: Called Strike 2-2: Foul Ball, location: 2F 2-2: Strikes out swinging
|
| Top of the 7th over - 0 runs, 0 hits, 0 errors, 0 left on base; Los Angeles 5 - Arizona 2 |
| BOTTOM OF THE 7TH |
|
Arizona Diamondbacks batting - Pitching for Los Angeles Dodgers : RHP Adrian Serratos
|
|
Batting: SHB Andrew Wray II
|
0-0: SOLO HOME RUN (Flyball, 89XD, EV 113.8 MPH), Distance : 429 ft
|
|
Batting: SHB Warren Eisner
|
0-0: Ball 1-0: Called Strike 1-1: Ball 2-1: Foul Ball, location: 2F 2-2: Ball 3-2: Strikes out swinging
|
|
Batting: LHB Roy Steigerwald
|
0-0: Ball 1-0: SINGLE (Line Drive, 9S, EV 93.8 MPH)
|
|
Batting: RHB Katilimomi Kelekolio
|
0-0: Ball 1-0: Called Strike 1-1: Foul Ball, location: 2F 1-2: Strikes out looking
|
|
Batting: LHB Eric Klasek
|
0-0: Ball 1-0: Ball 2-0: Ground out 4-3 (Groundball, 4S, EV 83.1 MPH)
|
| Bottom of the 7th over - 1 run, 2 hits, 0 errors, 1 left on base; Los Angeles 5 - Arizona 3 |
| TOP OF THE 8TH |
|
Los Angeles Dodgers batting - Pitching for Arizona Diamondbacks : RHP Raul Sanchez
|
|
Pitching: LHP Mario Valdivia
|
|
|
Pinch Hitting: RHB Wing-kit Bu
|
0-0: Called Strike 0-1: Called Strike 0-2: Fly out, F9 (Flyball, 89M, EV 88.8 MPH)
|
|
Batting: SHB Joel Baker
|
0-0: Ball 1-0: Ball 2-0: Ball 3-0: Foul Ball, location: 2F 3-1: Swinging Strike 3-2: Strikes out swinging
|
|
Batting: RHB Tsutomu Irie
|
0-0: Called Strike 0-1: Ball 1-1: Ball 2-1: Foul Ball, location: 2F 2-2: Ball 3-2: Base on Balls
|
|
Batting: RHB Danny Dyer
|
0-0: Called Strike Pickoff Throw to First - Out! 1-3 CS
|
| Top of the 8th over - 0 runs, 0 hits, 0 errors, 0 left on base; Los Angeles 5 - Arizona 3 |
| BOTTOM OF THE 8TH |
|
Arizona Diamondbacks batting - Pitching for Los Angeles Dodgers : RHP Adrian Serratos
|
|
Now in LF: Wing-kit Bu
|
|
|
Batting: SHB Perry Tuckfard
|
0-0: Called Strike 0-1: Ball 1-1: Swinging Strike 1-2: Strikes out looking
|
|
Pitching: RHP Justin Scheithauer
|
|
|
Batting: LHB Armando Carbajal
|
0-0: Fly out, F8 (Flyball, 78S, EV 78.8 MPH)
|
|
Batting: RHB David Price Jr.
|
0-0: Foul Ball, location: 2F 0-1: Ball 1-1: Ball 2-1: SINGLE (Groundball, 6MD, EV 95.6 MPH)
|
|
Batting: RHB Andy Swaim
|
0-0: Ball 1-0: SINGLE (Flyball, 89S, EV 90.0 MPH) David Price Jr. to second Runner from 2nd tries for 3rd, OUT! 9-5
|
| Bottom of the 8th over - 0 runs, 2 hits, 0 errors, 1 left on base; Los Angeles 5 - Arizona 3 |
| TOP OF THE 9TH |
|
Los Angeles Dodgers batting - Pitching for Arizona Diamondbacks : LHP Mario Valdivia
|
|
Pitching: RHP Gerardo Camacho
|
|
|
Batting: RHB Danny Dyer
|
0-0: Called Strike 0-1: Called Strike 0-2: Foul Ball, location: 2F 0-2: Foul Ball, location: 2F 0-2: Ball 1-2: Ball 2-2: DOUBLE (Line Drive, 9LM, EV 110.6 MPH)
|
|
Batting: SHB Carlos Rodriguez
|
0-0: Ball 1-0: Ball 2-0: Called Strike 2-1: Ball 3-1: Ground out U3 (Groundball, 3L, EV 78.8 MPH) Danny Dyer to third
|
|
Batting: RHB Tim Nettles
|
0-0: Ball 1-0: Ball 2-0: Called Strike 2-1: Ball 3-1: Foul Ball, location: 2F 3-2: Base on Balls
|
|
Pitching: RHP Sean Hartgrove
|
|
|
Batting: LHB Ryan Taylor
|
0-0: Ball Tim Nettles steals 2nd base (no throw) 1-0: Foul Ball, location: 2F 1-1: Swinging Strike 1-2: SINGLE (Groundball, 4D, EV 98.8 MPH) Danny Dyer scores Tim Nettles to third Runner from 3rd tries for Home, SAFE, throw by RF to home
|
|
Batting: RHB Edwin Soto
|
0-0: Called Strike 0-1: Ball 1-1: Ball Ryan Taylor steals 2nd base (no throw) 2-1: Ground out U3 (Groundball, 34S, EV 88.8 MPH) Ryan Taylor to third
|
|
Batting: RHB Clay Buchanan
|
0-0: Ball 1-0: Ball 2-0: Foul Ball, location: 2F 2-1: Ball 3-1: Swinging Strike 3-2: Foul Ball, location: 2F 3-2: Strikes out swinging
|
| Top of the 9th over - 2 runs, 2 hits, 0 errors, 1 left on base; Los Angeles 7 - Arizona 3 |
| BOTTOM OF THE 9TH |
|
Arizona Diamondbacks batting - Pitching for Los Angeles Dodgers : RHP Justin Scheithauer
|
|
Pitching: RHP Jon Harris
|
|
|
Batting: SHB Andrew Wray II
|
0-0: Ball 1-0: Foul Ball, location: 2F 1-1: Foul Ball, location: 2F 1-2: Foul Ball, location: 2F 1-2: Fly out, F7 (Flyball, 78S, EV 86.2 MPH)
|
|
Batting: SHB Warren Eisner
|
0-0: Ball 1-0: Fly out, F7 (Flyball, 7, EV 88.8 MPH)
|
|
Batting: LHB Roy Steigerwald
|
0-0: Fly out, F5 (Popup, 5F, EV 63.8 MPH)
|
| Bottom of the 9th over - 0 runs, 0 hits, 0 errors, 0 left on base; Los Angeles 7 - Arizona 3 |
|